 Dungeon Crawl Stone Soup version 0.19.0-2-gae57169 (webtiles) character file.

65 motku00 the Magician (level 3, 0/29 HPs)
             Began as a Minotaur Wanderer on Nov 4, 2016.
             Slain by a jackal (3 damage)
             ... on level 2 of the Dungeon.
             The game lasted 00:02:37 (1589 turns).

motku00 the Magician (Minotaur Wanderer)            Turns: 1589, Time: 00:02:37

Health: 0/29       AC:  2    Str: 16    XL:     3   Next: 92%
Magic:  6/6        EV: 12    Int: 18    God:
Gold:   57         SH:  0    Dex:  7    Spells: 0 memorised, 7 levels left

rFire  . . .     SeeInvis .     k - +0 whip
rCold  . . .     Gourm    .     d - +0 robe
rNeg   . . .     Faith    .     (no shield)
rPois  .         Spirit   .     (helmet restricted)
rElec  .         Reflect  .     (no cloak)
rCorr  .         Harm     .     (no gloves)
MR     .....                    (no boots)
Stlth  ..........               (no amulet)
                                l - ring of loudness (curse)
                                q - +6 ring of intelligence

@: no status effects
A: retaliatory headbutt, horns 2
a: no special abilities


You were on level 2 of the Dungeon.
You were not hungry.

You visited 1 branch of the dungeon, and saw 2 of its levels.

You collected 57 gold pieces.

Inventory:

Hand Weapons
 c - a +0 spear
 k - a +0 whip (weapon)
Armour
 d - a +0 robe (worn)
 h - a cursed +0 ring mail
Jewellery
 i - an uncursed ring of positive energy
 l - a cursed ring of loudness (right hand)
 q - a +6 ring of intelligence (left hand)
Scrolls
 e - a scroll of magic mapping {unknown}
 g - a scroll of remove curse {unknown}
 m - a scroll of recharging {unknown}
 o - a scroll of identify {unknown}
 p - a scroll of enchant armour {unknown}
 r - a scroll of noise {unknown}
Potions
 b - a potion of curing
 j - a potion of haste {unknown}
 n - a potion of agility {unknown}
 t - 2 potions of flight {unknown}
Books
 a - a book of Necromancy

   Spells                             Type                      Level
   a - Pain                           Necromancy                   1
   b - Animate Skeleton               Necromancy                   1
   c - Vampiric Draining              Necromancy                   3
   d - Regeneration                   Charms/Necromancy            3
   e - Animate Dead                   Necromancy                   4
   f - Control Undead                 Necromancy                   4
Comestibles
 f - 2 bread rations
 s - 6 chunks of flesh


   Skills:
 + Level 2.0 Fighting
 * Level 1.7 Maces & Flails
 + Level 1.0 Throwing
 + Level 2.0 Dodging
 + Level 1.0 Stealth
 + Level 2.8 Spellcasting
   Level 1.0 Necromancy
   Level 1.0 Translocations
   Level 1.0 Evocations


You had 7 spell levels left.
You didn't know any spells.

Dungeon Overview and Level Annotations

Branches:
Dungeon (2/15)

Altars:


Innate Abilities, Weirdness & Mutations

You reflexively headbutt those who attack you in melee.
You have a pair of horns on your head.


Message History

You closely miss the jackal.
The jackal is almost dead.
You hit the jackal but do no damage.
The jackal is almost dead.
The jackal bites you.
* * * LOW HITPOINT WARNING * * *
The jackal bites you.
* * * LOW HITPOINT WARNING * * *
The jackal barely misses you.
You miss the jackal. The jackal bites you.
* * * LOW HITPOINT WARNING * * *
The jackal barely misses you.
The jackal bites you but does no damage.
You closely miss the jackal.
The jackal is almost dead.
The jackal bites you but does no damage.
The jackal bites you.
* * * LOW HITPOINT WARNING * * *
You miss the jackal. The jackal bites you.
You die...

.. ... .... ....# #
...?.# .. ......###.#
#hh@#.# ###h#.### . ###
#.....#.. #...
#[.......
.....###.<...##.
#............# #
#.......####.#######.##
#....##...# ..##...#..
# #...
###.###.#.....##.##


You could see 3 jackals.

Vanquished Creatures
  A worm (D:2)
  A dart slug (D:1)
  2 leopard geckos (D:1)
  3 ball pythons
  3 giant cockroaches
  10 hobgoblins
  6 jackals
  4 bats (D:1)
  7 goblins
  9 kobolds
  7 rats
53 creatures vanquished.

Notes
Turn   | Place    | Note
-------+----------+-------------------------------------------
     0 | D:1      | motku00 the Minotaur Wanderer began the quest for the Orb.
     0 | D:1      | motku00 set off with: a book of Necromancy, a potion of curing, a +0 spear, a +0 robe, a bread ration
     0 | D:1      | Reached XP level 1. HP: 16/16 MP: 2/2
   149 | D:1      | Reached XP level 2. HP: 20/23 MP: 2/4
   522 | D:1      | Reached XP level 3. HP: 14/28 MP: 6/6
  1357 | D:1      | Reached skill level 1 in Maces & Flails
  1589 | D:2      | Slain by a jackal

Skill      XL: |  1  2  3 |
---------------+----------+-----
Maces & Flails | 1 |  1.7
Dodging        | 2 |  2.0
Fighting       | 2 |  2.0
Throwing       | |  1.0
Stealth        | |  1.0
Spellcasting   | |  2.8
Necromancy     | |  1.0
Translocations | |  1.0
Evocations     | |  1.0

Action                   || total
-------------------------++-------
Melee: Spear             ||    31
       Headbutt          ||    22
       Whip              ||   120
  Use: Potion            ||     1
  Eat: Chunk             ||     2
Armor: Robe              ||    28
Dodge: Dodged            ||   100
